cohdb
Replays
Latest Replays
All Replays
Popular Replays
Top Player Replays
Match Explorer
How It Works
Community
CoH3 Stats
Reddit
Sign in to upload your games and track your stats! →
Sign in with Steam
Match 40027041
Unlisted
Match 40027041
Overview
Messages
Build Orders
End
Construct Section Command Post
Vickers Machine Gun Team
Infantry Section
ML 3-inch Mortar Team
Selects Canadian Shock Battlegroup
Selects Attacking Spirit
Selects Canadian Shock Section
Canadian Shock Section
Construct Platoon Command Post
Selects Incendiary Munitions
Canadian Shock Section
Construct Field Infirmary
Canadian Shock Section
Infantry Training
Grenade Package
Unlock M3 Stuart Light Tanks
M3 Stuart Light Tank
6-pounder Anti-tank Gun Team
Selects Pyrotechnics
Selects Churchill Crocodile Heavy Tank
Royal Engineer Section
Armored Vehicle Training
CMP 15cwt Truck
Kiwi
Artistóteles
KitLKC
datalus
Braz
Bighazelnut
0
0
Comments
sign in to comment!
No comments posted yet!